 Dungeon Crawl Stone Soup version 0.24.1-14-gf8d2b509d9 (webtiles) character file.

Game seed: 18384198201786989053, levelgen mode: deterministic

4699 KlarStein the Fighter (level 10, -3/80 HPs)
             Began as a Human Fighter on July 8, 2020.
             Was an Elder of Okawaru.
             Slain by an orc knight
             ... wielding a +2 long sword of slicing
              (7 damage)
             ... in a bailey.
             The game lasted 01:13:15 (9321 turns).

KlarStein the Fighter (Human Fighter)               Turns: 9321, Time: 01:13:16

Health: -3/80      AC: 20    Str: 22    XL:     10   Next: 72%
Magic:  10/10      EV:  8    Int:  9    God:    Okawaru [****..]
Gold:   420        SH: 18    Dex: 18    Spells: 9/9 levels left

rFire    . . .     SeeInvis .   I - +3 falchion (slice)
rCold    . . .     Gourm    .   c - +0 shield
rNeg     . . .     Faith    .   v - +1 scale mail {MR+}
rPois    .         Spirit   .   (no helmet)
rElec    .         Reflect  +   l - +0 cloak
rCorr    .         Harm     .   N - +2 pair of gloves
MR       ++...                  o - +1 pair of boots
Stlth    ..........             t - +6 amulet of reflection
HPRegen  0.23/turn              C - +4 ring of protection
MPRegen  0.12/turn              p - +6 ring of dexterity

@: no status effects
A: magic resistance 1, strong 1
a: Heroism, Renounce Religion


You were in a bailey.
You worshipped Okawaru.
Okawaru was greatly pleased with you.
You were hungry.

You visited 2 branches of the dungeon, and saw 10 of its levels.
You also visited: Bailey.

You collected 420 gold pieces.

Inventory:

Hand Weapons
 a - a +2 long sword
 F - a +3 war axe
 I - a +3 falchion of slicing (weapon)
 O - a +2 halberd of electrocution
Armour
 c - a +0 shield (worn)
 l - a +0 cloak (worn)
 o - a +1 pair of boots (worn)
 r - a +0 large shield
 v - a +1 scale mail of magic resistance (worn)
 K - a +0 plate armour
 N - a +2 pair of gloves (worn)
Jewellery
 m - an uncursed amulet of faith
 p - a +6 ring of dexterity (right hand)
 s - an uncursed ring of protection from fire
 t - a +6 amulet of reflection (around neck)
 z - an uncursed ring of protection from fire
 C - a +4 ring of protection (left hand)
 G - an uncursed amulet of harm
 J - an uncursed ring of see invisible {unknown}
Wands
 j - a wand of enslavement (21)
 w - a wand of paralysis (6)
 A - a wand of acid (8)
Scrolls
 b - a scroll of fear
 d - a scroll of enchant armour {unknown}
 i - 7 scrolls of remove curse
 x - 2 scrolls of amnesia
 y - a scroll of fog
Potions
 e - 3 potions of flight
 g - 2 potions of mutation
 k - 2 potions of magic
 n - 2 potions of invisibility
 q - 6 potions of curing
 u - 2 potions of ambrosia {unknown}
 B - a potion of berserk rage {unknown}
 D - 3 potions of might
 E - a potion of agility {unknown}
 H - a potion of haste {unknown}
 L - 2 potions of brilliance {unknown}
Comestibles
 f - 23 rations
 M - 3 chunks of flesh


   Skills:
 + Level 8.2 Fighting
 + Level 7.8 Long Blades
 + Level 8.1 Armour
 + Level 8.1 Shields


You had 9 spell levels left.
You didn't know any spells.
Your spell library contained the following spells:

 Spells                   Type           Power        Failure   Level  Hunger
 Magic Dart               Conj           #...         93%         1    ##.....
 Blink                    Tloc           N/A          98%         2    ###....
 Call Imp                 Summ           #.......     98%         2    ###....
 Slow                     Hex            #.......     98%         2    ###....
 Conjure Flame            Conj/Fire      #.......     100%        3    ####...
 Mephitic Cloud           Conj/Pois/Air  #.......     100%        3    ####...


Dungeon Overview and Level Annotations

Branches:
Dungeon (9/15)             Temple (1/1) D:6          Bailey (1/1)
   Lair: D:8-11         Orc: D:9-12

Altars:
Ashenzari
Cheibriados
Dithmenos
Elyvilon
Fedhas
Gozag
Hepliaklqana
Kikubaaqudgha
Makhleb
Nemelex Xobeh
Okawaru
Qazlal
Sif Muna
Trog
Uskayaw
Vehumet
Wu Jian
Yredelemnul
The Shining One
Beogh

Shops:
D:5 %   D:9 !

Annotations:
D:8 1 runed translucent door


Innate Abilities, Weirdness & Mutations

You are resistant to hostile enchantments. (MR+)
Your muscles are strong. (Str +2)


Message History

You closely miss the orc knight.
The orc knight is almost dead.
You block the gnoll's attack.
You hit the orc knight but do no damage.
The orc knight is almost dead.
The orc knight hits you with a +2 long sword of slicing.
* * * LOW HITPOINT WARNING * * *
x2 The gnoll closely misses you.
Your shield and scale mail prevent you from hitting the orc knight.
The orc knight is almost dead.
The orc knight hits you but does no damage.
You block the gnoll's attack.
You hit the orc knight.
The orc knight is almost dead.
The orc knight hits you but does no damage.
You closely miss the orc knight.
The orc knight is almost dead.
You block the gnoll's attack.
The orc knight hits you with a +2 long sword of slicing!
You die... #.....# ###.....### .. #.'..)..'.# g⌠. ###((...### ogK ##(.(..# #gK

##g##(##'# #g#
#g###.# #.#g# #o#
### ##### ###
#@###.###.#)###.#
##'##'##'###'##(##
##.....## ##.....
###.....#####.....
#.'..⌠..'.#.(..∩..
###...((#####.....
##..()(## ##.....
##'##'##)###'##(##
#.###.###.))###.##


You could see an orc knight and 2 gnolls.

Vanquished Creatures
  A two-headed ogre (D:8)
  2 hippogriffs
  A spriggan (D:8)
  Sigmund (D:6)
  A hungry ghost (D:7)
  A steam dragon (D:7)
  2 orc warriors (D:6)
  2 ice beasts
  A black bear (D:7)
  3 phantoms
  2 sky beasts (D:6)
  A centaur (D:3)
  5 ogres
  2 bullfrogs
  2 crimson imps
  An orc priest (D:6)
  4 hounds
  3 jellies
  Crazy Yiuf (D:7)
  A bullfrog skeleton (D:4)
  2 centaur skeletons
  Terence (D:3)
  An iguana (D:9)
  Natasha (D:2)
  10 orc wizards
  6 worker ants
  A hound zombie (D:5)
  Robin (D:3)
  5 adders
  15 gnolls
  A shadow imp (D:7)
  2 oozes
  4 worms
  A dart slug (D:2)
  5 leopard geckos
  43 orcs
  A ball python (D:4)
  17 bats
  5 giant cockroaches
  15 goblins
  17 hobgoblins
  9 jackals
  5 quokkas
  4 frilled lizards
  A giant cockroach zombie (D:6)
  A jackal skeleton (D:6)
  11 kobolds
  A leopard gecko zombie (D:6)
  7 rats
230 creatures vanquished.

Vanquished Creatures (others)
  3 hobgoblins (Bailey)
3 creatures vanquished.

Grand Total: 233 creatures vanquished

Notes
Turn   | Place    | Note
-------+----------+-------------------------------------------
     0 | D:1      | KlarStein the Human Fighter began the quest for the Orb.
     0 | D:1      | Reached XP level 1. HP: 18/18 MP: 1/1
    99 | D:1      | Reached XP level 2. HP: 19/24 MP: 2/2
   558 | D:1      | Reached XP level 3. HP: 24/29 MP: 3/3
   949 | D:2      | Reached XP level 4. HP: 34/35 MP: 4/4
  1443 | D:2      | Noticed Natasha
  1470 | D:2      | Killed Natasha
  1900 | D:3      | Found an iron altar of Okawaru.
  1912 | D:3      | Became a worshipper of Warmaster Okawaru
  1925 | D:3      | Reached XP level 5. HP: 38/42 MP: 5/5
  2148 | D:3      | Noticed a centaur
  2152 | D:3      | Killed a centaur
  2169 | D:3      | Found a shadowy altar of Dithmenos.
  2323 | D:3      | Noticed Robin
  2329 | D:3      | Reached XP level 6. HP: 39/48 MP: 6/6
  2384 | D:3      | Noticed Terence
  2391 | D:3      | Killed Terence
  2407 | D:3      | Killed Robin
  2538 | D:3      | Found a shattered altar of Ashenzari.
  2538 | D:3      | Found a bloodstained altar of Trog.
  2540 | D:3      | Found a radiant altar of Vehumet.
  3215 | D:4      | Reached XP level 7. HP: 53/55 MP: 7/7
  3539 | D:4      | Gained mutation: You are resistant to hostile enchantments.
                  | (MR+) [potion of mutation]
  3539 | D:4      | Gained mutation: Your muscles are strong. (Str +2) [potion
                  | of mutation]
  3756 | D:4      | Reached * piety under Okawaru
  3944 | D:5      | Entered Level 5 of the Dungeon
  3982 | D:5      | Noticed a hippogriff
  3993 | D:5      | Killed a hippogriff
  3993 | D:5      | Reached skill level 5 in Fighting
  3993 | D:5      | Reached skill level 5 in Armour
  3993 | D:5      | Reached skill level 5 in Shields
  3993 | D:5      | Reached XP level 8. HP: 55/62 MP: 5/8
  4050 | D:5      | Reached ** piety under Okawaru
  4240 | D:5      | Reached skill level 5 in Long Blades
  4241 | D:5      | Found a hazy altar of Hepliaklqana.
  4439 | D:5      | Found a burning altar of Makhleb.
  4516 | D:5      | Found Fogaar's Food Shoppe.
  4650 | D:6      | Found a staircase to the Ecumenical Temple.
  4722 | Temple   | Entered the Ecumenical Temple
  5134 | D:6      | Found a runed translucent door.
  5143 | D:6      | Reached XP level 9. HP: 69/69 MP: 9/9
  5237 | D:6      | Noticed Sigmund
  5246 | D:6      | Killed Sigmund
  5246 | D:6      | Reached *** piety under Okawaru
  6263 | D:6      | Found a roughly hewn altar of Beogh.
  7150 | D:7      | Found a glowing golden altar of the Shining One.
  7290 | D:7      | Noticed a hippogriff
  7305 | D:7      | Killed a hippogriff
  7305 | D:7      | Reached **** piety under Okawaru
  7543 | D:7      | Found a runed translucent door.
  7544 | D:7      | Noticed Crazy Yiuf
  7550 | D:7      | Paralysed by Crazy Yiuf for 6 turns
  7559 | D:7      | Killed Crazy Yiuf
  7902 | D:8      | Reached XP level 10. HP: 79/79 MP: 10/10
  7950 | D:8      | Noticed a two-headed ogre
  7965 | D:8      | Killed a two-headed ogre
  8365 | D:8      | Found a snail-covered altar of Cheibriados.
  8522 | D:8      | Found a runed translucent door.
  8522 | D:8      | Noticed an ice dragon
  8522 | D:8      | Noticed a glowing orange brain
  8522 | D:8      | Noticed a deep elf archer
  8524 | D:8      | Noticed a fire dragon
  8524 | D:8      | Noticed a cyclops
  8524 | D:8      | Noticed a manticore
  8524 | D:8      | Noticed a deep elf archer
  8799 | D:9      | Found Biduz's Distillery.
  8932 | D:9      | Noticed an angel
  8946 | D:9      | Found a flagged portal.
  9005 | Bailey   | Entered a bailey
  9081 | Bailey   | Noticed an orc knight
  9318 | Bailey   | HP: 4/80 [orc knight/+2 long sword of slicing (5)]
  9321 | Bailey   | Slain by an orc knight

Levels and vault maps discovered:
D:1:      minmay_arrival_stair_chambers, layout_rooms, glass_columns_a,
          minivault_27, minivault_27, grunt_decor_one_mirror,
          minmay_misc_feat_plants
D:2:      layout_rooms, serial_bayou, serial_bayou_shore_a,
          serial_bayou_lagoon_a, serial_bayou_pond_b, serial_bayou_pond_d,
          serial_bayou_pond_d, serial_bayou_crossing, uniq_natasha
D:3:      layout_loops_corners, lemuel_crystal_altar, okawaru_gym_becter,
          gammafunk_temple_overflow_forgotten, first_ration, uniq_terence,
          uniq_robin
D:4:      layout_gridville
D:5:      layout_cave_pools, marbit_many_paths, kennysheep_mini, serial_shops,
          kennysheep_little_box
D:6:      layout_loops_ring, minmay_temple_entry_mini_moons,
          lightli_church_of_beogh, uniq_sigmund
D:7:      layout_loops_corners, lemuel_crystal_altar, uniq_crazy_yiuf_cottage
D:8:      minmay_gate_of_8, layout_basic, lemuel_doored_altar, the_bakery
D:9:      layout_irregular_city, grunt_temple_overflow_order_and_chaos_1,
          nicolae_ru_great_annihilating_truth, david_orc_2, enter_bailey_2,
          serial_shops, kennysheep_mini_moat, shop_fountains, shop
Temple:   cyrus_temple_forest
Bailey:   bailey_axe_2, bailey

Skill      XL: |  1  2  3  4  5  6  7  8  9 10 |
---------------+-------------------------------+-----
Fighting       | 4 5 6 7 8 |  8.2
Long Blades    | 3 4 5 6 7 |  7.8
Armour         | 4 5 6 7 8 |  8.1
Shields        | 4 5 7 8 |  8.1

Action                   |  1- 3 |  4- 6 |  7- 9 | 10-12 || total
-------------------------+-------+-------+-------+-------++-------
Melee: Long sword        |   118 |   144 |   323 |       ||   585
       Falchion          |       |       |    78 |   231 ||   309
Invok: Heroism           |       |       |     5 |     2 ||     7
  Use: Scroll            |       |     8 |    11 |       ||    19
       Potion            |       |     2 |     3 |     2 ||     7
  Eat: Chunk             |       |     4 |    17 |     5 ||    26
       Ration            |       |     1 |       |       ||     1
Armor: Scale mail        |    65 |    42 |   126 |    66 ||   299
       Leather armour    |     3 |     2 |       |       ||     5
Dodge: Dodged            |    53 |    38 |    76 |    56 ||   223
Block: Shield            |    70 |   106 |   371 |   198 ||   745
       Reflection        |       |       |     5 |    31 ||    36
       Rpst.: Long sword |    18 |     8 |    19 |       ||    45
       Falchion          |       |       |     2 |     7 ||     9
